Map: Dash and Terminal LE (Void)

Players

Canopus - Winner!

  • Race: Protoss Protoss
  • League: Silver

Javert

  • Race: Zerg Zerg
  • League: Silver

VOD

Have the link to the VOD?

Description

Time

  • Played on: July 17, 2015, 12:58 a.m.
  • Length: 7:37
Show
View Real Time Build Order
Export as new Build Order

Canopus Protoss - Winner!

Build Orders: 1 Gate Expand 

Get SALT Encoding   

  12  0:01  Probe  
  13  0:15  Pylon  
  13  0:18  Probe  
  14  0:33  Probe (Chrono Boost)  
  15  0:37  Gateway  
  16  0:43  Probe (Chrono Boost)  
  16  0:50  Probe  
  17  1:02  Probe  
  18  1:18  Nexus  
  18  1:27  Assimilator  
  18  1:32  Cybernetics Core, Probe  
  19  1:44  Probe  
  20  1:54  Assimilator  
  20  1:56  Probe  
  21  2:04  Pylon  
  21  2:17  Pylon  
  21  2:22  Zealot  
  23  2:26  Pylon  
  23  2:30  Gateway  
  23  2:33  Mothership Core (Chrono Boost)  
  25  2:48  Probe (Chrono Boost)  
  25  2:49  Adept (Chrono Boost)  
  28  2:53  Warp Gate (Chrono Boost)  
  28  3:06  Probe (Chrono Boost)  
  28  3:10  Probe (Chrono Boost)  
  29  3:16  Probe (Chrono Boost), Adept  
  29  3:18  Adept  
  35  3:21  Probe (Chrono Boost)  
  35  3:23  Probe (Chrono Boost)  
  36  3:32  Probe x2 (Chrono Boost)  
  38  3:36  Gateway  
  38  3:53  Adept  
  38  3:54  Probe (Chrono Boost)  
  38  3:55  Probe (Chrono Boost)  
  37  4:06  Probe (Chrono Boost)  
  37  4:07  Gateway  
  39  4:12  Probe (Chrono Boost)  
  39  4:15  Probe (Chrono Boost)  
  40  4:22  Probe (Chrono Boost)  
  42  4:24  Probe (Chrono Boost)  
  43  4:32  Probe (Chrono Boost)  
  43  4:33  Probe (Chrono Boost)  
  43  4:35  Pylon  
  43  4:37  Pylon  
  44  4:39  Pylon  
  44  4:42  Probe x2 (Chrono Boost)  
  46  4:49  Gateway  
  46  4:54  Probe (Chrono Boost)  
  46  4:59  Probe (Chrono Boost)  
  48  5:04  Probe (Chrono Boost)  
  48  5:06  Stalker, Probe (Chrono Boost)  
  52  5:08  Stalker  
  54  5:15  Pylon  
  54  5:18  Pylon  
  54  5:21  Gateway  
  54  5:28  Adept x2  
  54  5:29  Adept  
  54  5:31  Adept  
  62  5:39  Pylon  
  62  5:48  Probe x2  
  64  5:55  Assimilator  
  64  5:56  Adept x4, Assimilator  
  72  6:04  Probe  
  72  6:10  Pylon  
  73  6:17  Stalker x2  
  73  6:18  Stalker x2  
  81  6:19  Sentry  
  81  6:20  Sentry  
  78  6:43  Zealot  
  78  6:44  Zealot x5  
  88  6:50  Probe (Chrono Boost)  
  90  6:55  Probe (Chrono Boost)  
  90  6:57  Pylon  
  90  6:59  Pylon  
  90  7:03  Probe (Chrono Boost)  
  90  7:07  Sentry x2  
  90  7:08  Stalker x2  
  97  7:09  Sentry  
  93  7:23  Stalker  
  95  7:32  Stalker  
  95  7:33  Stalker x3  
Show
View Real Time Build Order
Export as new Build Order

Javert Zerg 

Build Orders: Pool First 

Get SALT Encoding   

  12  0:01  Drone  
  13  0:09  Drone  
  14  0:16  Extractor  
  14  0:17  Drone  
  14  0:29  Overlord  
  14  0:44  Spawning Pool  
  14  0:46  Drone  
  14  0:52  Drone  
  15  0:57  Drone  
  16  1:05  Drone  
  16  1:11  Drone  
  18  1:24  Overlord  
  18  1:30  Metabolic Boost  
  18  1:33  Zergling x2  
  18  1:37  Queen  
  21  1:44  Zergling x2  
  22  1:56  Zergling x2  
  23  2:08  Zergling x2  
  24  2:17  Overlord  
  24  2:23  Drone  
  24  2:27  Hatchery  
  24  2:36  Zergling x2  
  25  2:46  Queen  
  26  2:54  Zergling x4  
  26  2:55  Zergling x4  
  30  3:09  Drone  
  30  3:21  Drone x4  
  34  3:36  Drone x2  
  32  3:50  Drone x2  
  32  3:51  Drone  
  33  4:04  Drone x4  
  33  4:05  Drone  
  33  4:08  Hatchery  
  36  4:27  Roach Warren  
  36  4:29  Extractor  
  34  4:31  Drone x5  
  41  4:53  Extractor  
  38  5:00  Lair  
  38  5:11  Overlord  
  38  5:12  Overlord x2  
  38  5:21  Queen  
  40  5:30  Drone x6  
  40  5:31  Drone x8  
  54  5:44  Evolution Chamber  
  54  5:48  Roach x4  
  61  5:55  Roach  
  61  5:56  Roach x5  
  73  5:57  Spine Crawler  
  73  5:58  Overseer  
  72  6:07  Roach  
  72  6:11  Overlord x2  
  72  6:25  Roach x3  
  73  6:26  Roach  
  66  6:36  Roach x3  
  66  6:38  Roach x2  
  66  6:39  Roach x7  
  86  6:51  Roach  
  86  6:52  Roach x4  
Tags
 
Add a new tag
Caveats
  • Supply blocks, unpowered buildings, or Contaminate may cause inaccurate times.
  • Supply counts are checked every 10 seconds.